 Dungeon Crawl Stone Soup version 0.29.0-4-gdea44cf6ec (webtiles) character file.

Game seed: 8972282495668956503

125329 Flugkiller the Severer (level 16, 0/157 HPs)
             Began as a Minotaur Fighter on Aug 27, 2022.
             Was an Initiate of Gozag.
             Blown up by an orb spider (31 damage)
             ... with an orb of destruction
             ... on level 4 of the Spider Nest.
             The game lasted 00:15:14 (22746 turns).

Flugkiller the Severer (Minotaur Fighter)          Turns: 22746, Time: 00:15:14

Health: 0/157      AC: 40    Str: 26      XL:     16   Next: 41%
Magic:  15/15      EV: 13    Int:  9      God:    Gozag
Gold:   4174       SH:  9    Dex: 15 (16) Spells: 15/15 levels left

rFire   + . .      SeeInvis .   T - +1 broad axe (vamp)
rCold   + . .      Faith    .   I - +2 buckler
rNeg    + . .      Spirit   .   U - +10 plate armour of Privacy {Str+3 Int+4}
rPois   +          Reflect  .   V - -2 hat of the Alchemist {rElec rPois rF+ rC+ rN+ Will+ rMut rCorr}
rElec   +          Harm     .   (no cloak)
rCorr   +          Rampage  .   x - +1 pair of gloves
rMut    +                       o - +2 pair of boots
Will    ++...                   C - amulet of regeneration
Stlth   ..........              p - +4 ring of protection
HPRegen 1.16/turn               N - +4 ring of protection
MPRegen 0.14/turn

@: gold aura
A: horns 2, retaliatory headbutt
a: Renounce Religion, Potion Petition, Call Merchant, Bribe Branch


You were on level 4 of the Spider Nest.
You worshipped Gozag.
Gozag was most pleased with you.
You visited 4 branches of the dungeon, and saw 26 of its levels.
You also visited: Gauntlet and Volcano.

You collected 7579 gold pieces.
You spent 2668 gold pieces at shops.
You paid 737 gold pieces to Gozag.

Inventory:

Hand Weapons
 a - a +1 spectral broad axe
   (You found it on level 7 of the Dungeon)
 i - a +3 dagger of distortion
   (You took it off Psyche on level 10 of the Dungeon)
 u - a +2 hand axe of flaming
   (You took it off an orc on level 4 of the Dungeon)
 H - a +2 war axe of freezing
   (You took it off an orc priest on level 7 of the Dungeon)
 T - a +1 vampiric broad axe (weapon)
   (You took it off an orc high priest on level 2 of the Orcish Mines)
Armour
 f - a +0 crystal plate armour
   (You found it on level 9 of the Dungeon)
 o - a +2 pair of boots (worn)
   (You found it on level 3 of the Dungeon)
 x - a +1 pair of gloves (worn)
   (You found it on level 6 of the Dungeon)
 I - a +2 buckler (worn)
   (You found it on level 7 of the Dungeon)
 J - +3 gold dragon scales
   (You found it in a Gauntlet)
 K - a +0 pair of boots of flying
   (You found it in a Gauntlet)
 S - a +2 tower shield
   (You took it off Louise on level 15 of the Dungeon)
 U - the +10 plate armour of Privacy (worn) {Str+3 Int+4}
   (You bought it in a shop on level 2 of the Orcish Mines)

   Str:       It affects your strength (+3).
   Int:       It affects your intelligence (+4).
 V - the -2 hat of the Alchemist (worn) {rElec rPois rF+ rC+ rN+ Will+ rMut rCorr}
   (You bought it in a shop on level 1 of the Orcish Mines)

   rF:        It protects you from fire.
   rC:        It protects you from cold.
   rElec:     It insulates you from electricity.
   rPois:     It protects you from poison.
   rN:        It protects you from negative energy.
   rCorr:     It protects you from acid and corrosion.
   rMut:      It protects you from mutation.
   Will:      It increases your willpower.
Jewellery
 m - the amulet of the Dropbear {Acrobat rN+ Int+4 Dex+7 Stlth-}
   (You acquired it on level 8 of the Dungeon)

   [amulet of the acrobat]

   It increases your evasion while moving and waiting.
   Int:       It affects your intelligence (+4).
   Dex:       It affects your dexterity (+7).
   rN:        It protects you from negative energy.
   Stlth:     It makes you less stealthy.
 p - a +4 ring of protection (left hand)
   (You found it on level 5 of the Dungeon)
 v - a +4 ring of evasion
   (You found it in a Gauntlet)
 w - a ring of fire
   (You found it on level 4 of the Spider Nest)
 y - a ring of flight
   (You found it on level 5 of the Lair of Beasts)
 C - an amulet of regeneration (around neck)
   (You took it off an orc on level 6 of the Dungeon)
 N - a +4 ring of protection (right hand)
   (You found it on level 8 of the Dungeon)
 O - a +6 ring of strength
   (You found it on level 12 of the Dungeon)
 Q - an amulet of the acrobat
   (You found it on level 13 of the Dungeon)
Wands
 g - a wand of digging (3)
   (You found it on level 13 of the Dungeon)
 j - a wand of charming (9)
   (You took it off Maurice on level 10 of the Dungeon)
 R - a wand of mindburst (9)
   (You found it on level 3 of the Spider Nest)
 W - a wand of iceblast (8)
   (You found it on level 2 of the Spider Nest)
Scrolls
 b - 2 scrolls of enchant armour
 e - a scroll of brand weapon
 l - 2 scrolls of magic mapping
 r - 2 scrolls of identify
 t - 9 scrolls of teleportation
 z - 3 scrolls of blinking
 D - a scroll of silence
 L - a scroll of summoning
Potions
 c - 6 potions of mutation
 d - 2 potions of might
 h - 2 potions of haste
 k - 6 potions of cancellation
 n - a potion of resistance
 q - 4 potions of curing
 s - 3 potions of attraction
 A - 2 potions of ambrosia
 B - 3 potions of lignification
 E - 2 potions of berserk rage
 G - 3 potions of flight
 M - a potion of invisibility {unknown}
 P - 2 potions of magic
Miscellaneous
 F - a condenser vane
   (You found it in a Gauntlet)


   Skills:
 * Level 18.0 Fighting
 - Level 18.0 Axes
 * Level 18.0 Armour
 + Level 12.4 Dodging
 + Level 11.0 Shields
 - Level 6.0 Evocations


You had 15 spell levels left.
You didn't know any spells.
Your spell library was empty.

Dungeon Overview and Level Annotations

Branches:
Dungeon (15/15)            Temple (0/1) D:4            Lair (5/5) D:8
  Swamp (0/4) Lair:3       Spider (4/4) Lair:3        Slime (0/5) Lair:4
    Orc (2/2) D:12            Elf (0/3) Orc:2        Vaults (0/5) D:13
 Depths (0/4) D:15        Volcano (visited)         Gauntlet (visited)

Altars:
Ashenzari
Cheibriados
Dithmenos
Elyvilon
Fedhas
Gozag
Hepliaklqana
Kikubaaqudgha
Qazlal
Ru
Sif Muna
Trog
Xom
Yredelemnul
Zin
The Shining One
Jiyva

Shops:
D:2 :   D:5 *   D:9 =   D:10 !   D:15 :   Orc:1 *   Orc:2 :?[*!?(*

Annotations:
D:10 3 runed translucent doors, Flugkiller's ghost, novice MiFi
Lair:1 2 transporters
Lair:2 2 runed translucent doors, Flugkiller's ghost, journeyman MiFi
Spider:4 2 transporters, p0werm0de's ghost, adept MiFi


Innate Abilities, Weirdness & Mutations

You have a pair of horns on your head.
You reflexively headbutt those who attack you in melee.


Message History

You slice the wolf spider!! You hit the redback.
The wolf spider barely misses you.
The wolf spider bites you but does no damage.
The redback bites you but does no damage.
You hit the radroach.
You feel better.
You headbutt the radroach, but do no damage.
The radroach is almost dead.
You closely miss the wolf spider. You hit the redback but do no damage.
The wolf spider hits you. You block the wolf spider's attack.
The orb spider weaves a glowing orb of energy.
The radroach bites you but does no damage.
The radroach claws you but does no damage.
The redback bites you but does no damage.
An orb of destruction comes into view.
You hit the radroach but do no damage.
You headbutt the radroach, but do no damage.
The radroach is almost dead.
You hit the wolf spider.
You feel better.
You hit the redback but do no damage. The wolf spider closely misses you.
The wolf spider bites you but does no damage.
The orb spider is distracted by your dazzling golden aura.
The redback bites you.
The radroach bites you but does no damage.
The radroach closely misses you.
The orb spider's many legs skitter faintly.
You slice the radroach!!
You kill the radroach!
You hit the wolf spider. You slash the redback!
You feel better.
The orb spider is no longer distracted by gold.
The wolf spider hits you but does no damage.
You block the wolf spider's attack. The redback bites you!
The orb spider pulsates with a strange energy.
Your Shields skill increases to level 11!
You slice the redback!!
You feel better.
You kill the redback!
You hit the wolf spider but do no damage.
The orb of destruction hits you!!! You block the wolf spider's attack.
The wolf spider bites you but does no damage.
You hit the wolf spider but do no damage.
The wolf spider is heavily wounded.
The wolf spider closely misses you.
The wolf spider bites you but does no damage.
The orb spider is distracted by your dazzling golden aura.
The wolf spider barely misses you. You block the wolf spider's attack.
You barely miss the wolf spider.
The orb spider's many legs skitter faintly.
You headbutt the wolf spider!
The wolf spider is severely wounded.
The orb spider is distracted by your dazzling golden aura.
The wolf spider hits you.
The wolf spider bites you but does no damage.
You barely miss the wolf spider.
The orb spider's many legs skitter faintly.
You headbutt the wolf spider!
The wolf spider is severely wounded.
The orb spider is no longer distracted by gold.
The orb spider begins to weave its threads into a brightly glowing ball.
The wolf spider completely misses you. The wolf spider barely misses you.
The orb spider is distracted by your dazzling golden aura.
The orb spider's many legs skitter faintly.
You slice the wolf spider!!
You feel better.
You kill the wolf spider!
You see here 15 gold pieces.
The orb spider is distracted by your dazzling golden aura. x2
You see here 14 gold pieces.
The orb spider is no longer distracted by gold. x2
The orb spider is no longer distracted by gold. x2
The orb spider is distracted by your dazzling golden aura.
You see here 6 gold pieces.
The orb spider is distracted by your dazzling golden aura. x2
The orb spider's many legs skitter faintly. x3
You chop the orb spider into pieces!!!
You feel better.
The orb spider is no longer distracted by gold.
Your headbutt misses the orb spider.
The orb spider is severely wounded.
You barely miss the orb spider.
You headbutt the orb spider, but do no damage.
The orb spider is severely wounded.
The orb spider is no longer distracted by gold.
The orb spider weaves a glowing orb of energy.
A culicivora comes into view.
An orb of destruction comes into view.
The orb spider weaves a glowing orb of energy.
The orb of destruction hits you!!!
The orb spider weaves a glowing orb of energy.
The culicivora's many legs skitter faintly. 2 orbs of destruction come into view.
You are too injured to fight recklessly!
The wavering orb of destruction hits you!!!
* * * LOW HITPOINT WARNING * * *
The orb spider is distracted by your dazzling golden aura.
Blink to where?
Press: ? - help, Dir - move target
As you read the scroll of blinking, it crumbles to dust.
The jumping spider's many legs skitter faintly.
You feel better.
P0werm0de's ghost turns its malevolent gaze towards you.
You hear a chilling moan.
The orb of destruction hits you!!
You die...

#...#8..s....8#........)
#...##Ws....©##.........
#....#########..........
#.......................
#.#.....................
#..#....................
###.....................
##....................
###.@○○○.............
######°°....s......
###○°.§○.$....
#..○○.....^.
##..°.○..... ##$*$s.....
#.#○s...... ##$$$......
##$$..^...


You could see an emperor scorpion and p0werm0de's ghost.

Vanquished Creatures
  Arachne (Spider:2)
  Mlioglotl (Spider:3)
  Kirke (D:12)
  2 emperor scorpions
  4 ghost moths
  Louise (D:15)
  A broodmother (Spider:4)
  A minotaur (Gauntlet)
  A spark wasp (Spider:2)
  7 entropy weavers
  A dire elephant (D:15)
  Fannar (D:10)
  Erolcha (D:12)
  5 hydras
  4 boulder beetles
  2 radroaches (Spider:4)
  4 vault guards (D:13)
  8 centaur warriors
  2 two-headed ogres
  A jorogumo (Spider:4)
  6 death yaks (Lair:3)
  3 orc high priests (Orc:2)
  2 tengu warriors
  Nergalle (D:10)
  Urug (Orc:2)
  A fire crab (Gauntlet)
  A goliath frog (Lair:5)
  3 pharaoh ants
  10 skeletal warriors
  2 orb spiders
  4 steelbarb worms
  Pikel (D:4)
  2 deep elf pyromancers
  4 orc knights (Orc:2)
  7 wolf spiders
  4 orc sorcerers
  7 ugly things
  A salamander (D:15)
  6 cyclopes
  2 moths of wrath
  7 elephants
  Maurice (D:10)
  3 black mambas
  A gargoyle (D:12)
  A torpor snail (Spider:3)
  19 cane toads
  Psyche (D:10)
  2 kobold demonologists (D:11)
  A rime drake (Lair:1)
  4 demonic crawlers
  3 komodo dragons
  5 yaktaurs (D:15)
  A freezing wraith (D:14)
  An unseen horror (D:12)
  2 tengu conjurers
  A queen bee (Gauntlet)
  5 trolls
  A merfolk (D:15)
  3 polar bears
  20 tarantellas
  A hornet (D:9)
  3 tyrant leeches (Lair:5)
  9 slime creatures
  22 blink frogs
  6 dream sheep (Lair:4)
  A centaur simulacrum (D:15)
  9 jumping spiders
  4 shadows
  16 culicivoras
  2 wyverns (D:10)
  4 basilisks
  7 hogs (D:12)
  26 yaks
  Grum (D:10)
  7 fire bats
  11 vampire mosquitoes
  51 redbacks
  2 steam dragons
  4 wargs (Orc:2)
  Edmund (D:4)
  3 acid dragons
  11 water moccasins
  A hell hound (Gauntlet)
  18 orc warriors
  2 ice beasts
  A sky beast (D:7)
  3 black bears
  7 ogres
  12 wolves
  13 centaurs
  3 phantoms
  A lemure (D:4)
  20 bullfrogs
  2 kobold brigands (D:9)
  3 scorpions (D:5)
  A gnoll sergeant (Orc:2)
  A necrophage (D:4)
  2 troll zombies (D:12)
  24 killer bees
  13 electric eels
  A howler monkey (D:8)
  A crimson imp (D:3)
  2 lava snakes (Lair:1)
  2 gnoll boudas (D:6)
  16 orc priests
  2 hounds
  7 jellies
  Jessica (D:2)
  An iguana (D:7)
  Natasha (thrice) (D:2)
  15 orc wizards
  6 ogre zombies (D:12)
  Robin (D:4)
  16 gnolls
  3 river rats (D:5)
  8 adders
  A white imp (D:6)
  4 dart slugs
  44 orcs
  3 endoplasms (D:2)
  4 giant cockroaches
  11 hobgoblins
  7 jackals
  5 quokkas
  12 ball pythons
  6 bats
  6 frilled lizards
  12 goblins
  3 goblin skeletons
  4 goblin zombies
  9 hobgoblin zombies
  14 kobolds
  2 kobold zombies (D:3)
  3 orc skeletons
  15 orc zombies
  10 rats
787 creatures vanquished.

Vanquished Creatures (others)
  A jumping spider (Spider:4)
  A shadow (D:13)
  2 orcs (D:8)
  27 fungi
  101 plants
132 creatures vanquished.

Grand Total: 919 creatures vanquished

Notes
Turn   | Place    | Note
-------+----------+-------------------------------------------
     0 | D:1      | Flugkiller the Minotaur Fighter began the quest for the
                  | Orb.
     0 | D:1      | Reached XP level 1. HP: 19/19 MP: 0/0
   218 | D:1      | Reached XP level 2. HP: 27/27 MP: 1/1
   488 | D:1      | Found a faded altar of an unknown god.
   634 | D:1      | Reached XP level 3. HP: 33/33 MP: 2/2
   869 | D:2      | Noticed Jessica
   874 | D:2      | Killed Jessica
   875 | D:2      | Reached XP level 4. HP: 38/40 MP: 3/3
  1008 | D:2      | Found Datunt's Book Shoppe.
  1010 | D:2      | You fall into a shaft and drop 1 floor!
  1389 | D:2      | Noticed Natasha
  1392 | D:2      | Killed Natasha
  1536 | D:2      | Noticed Natasha
  1543 | D:2      | Killed Natasha
  1544 | D:2      | Reached XP level 5. HP: 45/47 MP: 4/4
  1604 | D:2      | Reached skill level 5 in Axes
  1673 | D:2      | Noticed Natasha
  1678 | D:2      | Killed Natasha
  1841 | D:3      | Found an ancient bone altar of Kikubaaqudgha.
  1900 | D:3      | Found a glowing golden altar of the Shining One.
  1922 | D:3      | Reached skill level 5 in Armour
  1956 | D:3      | Reached skill level 5 in Fighting
  1956 | D:3      | Reached XP level 6. HP: 22/56 MP: 5/5
  2545 | D:4      | Found a staircase to the Ecumenical Temple.
  2625 | D:4      | Found a basalt altar of Yredelemnul.
  2642 | D:4      | Noticed Pikel
  2660 | D:4      | Killed Pikel
  2661 | D:4      | Reached XP level 7. HP: 26/64 MP: 6/6
  2890 | D:4      | Found a broken altar of Ashenzari.
  2894 | D:4      | Saw a vision of the Swamp and the Spider Nest.
  2894 | D:4      | Noticed a five-headed hydra
  2894 | D:4      | Noticed a goliath frog
  2894 | D:4      | Noticed a will-o-the-wisp
  2894 | D:4      | Noticed a spriggan druid
  2894 | D:4      | Noticed a steelbarb worm
  2894 | D:4      | Noticed an orb spider
  2894 | D:4      | Noticed a culicivora
  2894 | D:4      | Noticed a pharaoh ant
  2894 | D:4      | Noticed a culicivora
  2894 | D:4      | Noticed a redback
  2894 | D:4      | Noticed a redback
  2894 | D:4      | Noticed a jumping spider
  2895 | D:4      | Noticed a demonic crawler
  2895 | D:4      | Noticed a goliath frog
  2895 | D:4      | Noticed a jorogumo
  2895 | D:4      | Noticed a broodmother
  2896 | D:4      | Noticed a culicivora
  2896 | D:4      | Noticed a demonic crawler
  2899 | D:4      | Noticed a jumping spider
  2934 | D:4      | Noticed Robin
  2953 | D:4      | Killed Robin
  3485 | D:4      | Noticed Edmund
  3503 | D:4      | Killed Edmund
  3504 | D:4      | Reached XP level 8. HP: 45/71 MP: 7/7
  3789 | D:5      | Entered Level 5 of the Dungeon
  3807 | D:5      | Found an opulent altar of Gozag.
  3842 | D:5      | Became a worshipper of Gozag Ym Sagoz the Greedy
  4163 | D:5      | Found Xak Ylik's Assorted Antiques.
  4197 | D:5      | Found a snail-covered altar of Cheibriados.
  4434 | D:5      | Bought a bone ring for 140 gold pieces
  4574 | D:5      | Reached skill level 1 in Dodging
  4939 | D:6      | Found a glowing silver altar of Zin.
  4955 | D:6      | Reached skill level 10 in Axes
  4974 | D:6      | Reached XP level 9. HP: 60/81 MP: 8/8
  5164 | D:6      | Found a bloodstained altar of Trog.
  6004 | D:7      | Found a stormy altar of Qazlal.
  6516 | D:7      | Found a shimmering blue altar of Sif Muna.
  6973 | D:8      | Reached XP level 10. HP: 63/91 MP: 9/9
  7106 | D:8      | Reached skill level 5 in Dodging
  7294 | D:8      | Found a shadowy altar of Dithmenos.
  7584 | D:8      | Found a staircase to the Lair.
  7775 | D:8      | Found a blossoming altar of Fedhas.
  7969 | D:8      | Identified a scroll of acquirement
  7969 | D:8      | Acquired the amulet of the Dropbear {Acrobat rN+ Int+4
                  | Dex+7 Stlth-}
  8224 | D:9      | Found Borphe's Jewellery Boutique.
  8581 | D:10     | Entered Level 10 of the Dungeon
  8581 | D:10     | Found a hazy altar of Hepliaklqana.
  8630 | D:10     | Reached skill level 10 in Fighting
  8634 | D:10     | Noticed Grum
  8639 | D:10     | Reached skill level 10 in Armour
  8650 | D:10     | Killed Grum
  8670 | D:10     | Noticed Psyche
  8673 | D:10     | Noticed Nergalle
  8676 | D:10     | Killed Psyche
  8688 | D:10     | Killed Nergalle
  8689 | D:10     | Reached XP level 11. HP: 64/100 MP: 10/10
  8780 | D:10     | Found Ixtozose's Distillery.
  8783 | D:10     | Bought a potion of curing for 39 gold pieces
  8836 | D:10     | Noticed Maurice
  8841 | D:10     | Killed Maurice
  8873 | D:10     | Noticed Fannar
  8958 | D:10     | Found a sacrificial altar of Ru.
  9096 | D:10     | Killed Fannar
  9256 | D:10     | Found a runed translucent gate.
  9258 | D:10     | Found a runed translucent gate.
  9258 | D:10     | Noticed Flugkiller's ghost (novice MiFi)
  9260 | D:10     | Found a runed translucent gate.
  9487 | D:11     | Noticed a boulder beetle
  9503 | D:10     | Killed a boulder beetle
  9546 | D:11     | Noticed a soul eater
  9548 | D:11     | Noticed a sixfirhy
  9591 | D:11     | Noticed a four-headed hydra
  9599 | D:11     | Killed a seven-headed hydra
 10051 | Lair:1   | Entered Level 1 of the Lair of Beasts
 10186 | Lair:1   | Reached skill level 15 in Axes
 10244 | Lair:1   | Reached XP level 12. HP: 110/110 MP: 11/11
 10311 | Lair:1   | Found a transporter.
 10335 | Lair:1   | Found a transporter.
 11185 | Lair:2   | Found a large runed translucent door.
 11185 | Lair:2   | Found a large runed translucent door.
 11187 | Lair:2   | Noticed Flugkiller's ghost (journeyman MiFi)
 11399 | Lair:2   | Noticed a seven-headed hydra
 11405 | Lair:2   | Killed a ten-headed hydra
 11550 | Lair:3   | Found a staircase to the Swamp.
 11608 | Lair:3   | Found a hole to the Spider Nest.
 11676 | Lair:3   | Reached skill level 1 in Evocations
 11932 | Lair:3   | Noticed a death yak
 11932 | Lair:3   | Noticed a death yak
 11933 | Lair:3   | Noticed a death yak
 11933 | Lair:3   | Noticed a death yak
 11933 | Lair:3   | Noticed a death yak
 11934 | Lair:3   | Noticed a death yak
 11938 | Lair:3   | Killed a death yak
 11944 | Lair:3   | Killed a death yak
 11946 | Lair:3   | Killed a death yak
 11957 | Lair:3   | Killed a death yak
 11961 | Lair:3   | Killed a death yak
 11965 | Lair:3   | Killed a death yak
 11966 | Lair:3   | Reached skill level 5 in Shields
 12579 | Lair:4   | Noticed an eight-headed hydra
 12587 | Lair:4   | Killed a 16-headed hydra
 12637 | Lair:4   | Found a dark tunnel.
 12648 | Volcano  | Entered a volcano
 12832 | Lair:4   | Reached XP level 13. HP: 103/119 MP: 12/12
 13194 | Lair:4   | Found a viscous altar of Jiyva.
 13195 | Lair:4   | Found a staircase to the Slime Pits.
 13534 | Lair:5   | Entered Level 5 of the Lair of Beasts
 14956 | D:12     | Noticed Kirke
 14970 | D:12     | Killed Kirke
 15046 | D:12     | Noticed Erolcha
 15059 | D:12     | Killed Erolcha
 15082 | D:12     | Found a staircase to the Orcish Mines.
 15502 | D:12     | Reached XP level 14. HP: 132/132 MP: 13/13
 15727 | D:13     | Found a gate leading to a gauntlet.
 15803 | Gauntlet | Entered a Gauntlet
 15803 | Gauntlet | Found a transporter.
 15846 | Gauntlet | Found a transporter.
 15861 | Gauntlet | Found a transporter.
 15866 | Gauntlet | Found a transporter.
 15871 | Gauntlet | Noticed a quicksilver ooze
 15881 | Gauntlet | Found a transporter.
 15900 | Gauntlet | Found a transporter.
 15912 | Gauntlet | Found a transporter.
 15924 | Gauntlet | Found a transporter.
 15936 | Gauntlet | Found a transporter.
 15948 | Gauntlet | Found a transporter.
 15965 | Gauntlet | Found a transporter.
 15983 | Gauntlet | Found a transporter.
 15985 | Gauntlet | Found a transporter.
 16010 | Gauntlet | Found a transporter.
 16012 | Gauntlet | Found a transporter.
 16032 | Gauntlet | Found a transporter.
 16110 | Gauntlet | Found a transporter.
 16130 | Gauntlet | Found a transporter.
 16239 | Gauntlet | Reached skill level 10 in Dodging
 16381 | Gauntlet | Found the +8 demon trident "Rift" {distort, reach+}
 16521 | D:13     | Found a gate to the Vaults.
 17048 | D:14     | Reached skill level 5 in Evocations
 17184 | D:14     | Reached skill level 15 in Fighting
 17184 | D:14     | Reached skill level 15 in Armour
 17752 | D:15     | Entered Level 15 of the Dungeon
 17760 | D:15     | Found Siuti's Tremendous Tomes.
 17805 | D:15     | Found a white marble altar of Elyvilon.
 18401 | D:15     | Noticed Louise
 18402 | D:15     | Reached XP level 15. HP: 62/141 MP: 14/14
 18556 | D:15     | Killed Louise
 18607 | D:15     | Found a staircase to the Depths.
 18988 | Orc:1    | Entered Level 1 of the Orcish Mines
 18997 | Orc:1    | Found Amiolir's General Store.
 19417 | Orc:2    | Entered Level 2 of the Orcish Mines
 19449 | Orc:2    | Found Qibis's Weapon Shoppe.
 19457 | Orc:2    | Found a shimmering altar of Xom.
 19562 | Orc:2    | Noticed Urug
 19575 | Orc:2    | Killed Urug
 19633 | Orc:2    | Found Ufebbien's Book Shoppe.
 19675 | Orc:2    | Found Inar's Magic Scroll Shoppe.
 19688 | Orc:2    | Bought a scroll of blinking for 112 gold pieces
 19988 | Orc:2    | Found Ytaffeokets's Magic Scroll Shoppe.
 20158 | Orc:2    | Found a staircase to the Elven Halls.
 20175 | Orc:2    | Found Kimour's Assorted Antiques.
 20516 | Orc:2    | Found Mokhlaovi's Antique Armour Shoppe.
 20535 | Orc:2    | Found Miurgh's Distillery.
 20535 | Orc:2    | Found Daet's Assorted Antiques.
 20560 | Orc:2    | Bought a scroll of blinking for 82 gold pieces
 20560 | Orc:2    | Bought a scroll of teleportation for 33 gold pieces
 20563 | Orc:2    | Bought a potion of haste for 160 gold pieces
 20571 | Orc:2    | Bought a scroll of blinking for 255 gold pieces
 20573 | Orc:2    | Bought a fading plate armour for 1092 gold pieces
 20573 | Orc:2    | Identified the +10 plate armour of Privacy {Str+3 Int+4}
                  | (You bought it in a shop on level 2 of the Orcish Mines)
 20679 | Orc:1    | Bought the -2 hat of the Alchemist {rElec rPois rF+ rC+ rN+
                  | Will+ rMut rCorr} for 755 gold pieces
 20679 | Orc:1    | Found the -2 hat of the Alchemist {rElec rPois rF+ rC+ rN+
                  | Will+ rMut rCorr}
 20863 | Spider:1 | Entered Level 1 of the Spider Nest
 21282 | Spider:3 | Noticed Arachne
 21387 | Spider:3 | Noticed Mlioglotl
 21474 | Spider:2 | Killed Arachne
 21620 | Spider:2 | Reached skill level 10 in Shields
 21848 | Spider:4 | Entered Level 4 of the Spider Nest
 21936 | Spider:4 | Noticed an emperor scorpion
 21978 | Spider:3 | Killed an emperor scorpion
 21979 | Spider:3 | Reached XP level 16. HP: 118/155 MP: 15/15
 21994 | Spider:3 | Killed Mlioglotl
 22522 | Spider:4 | Found a transporter.
 22524 | Spider:4 | Noticed p0werm0de's ghost (adept MiFi)
 22543 | Spider:4 | Found a transporter.
 22746 | Spider:4 | Blown up by an orb spider

Illustrated notes

Levels and vault maps discovered:
D:1:      minmay_arrival_nine_rooms, layout_basic, basic_ecumenical_altar
D:2:      layout_basic, serial_shops, nicolae_shop_advertising_works
          [nicolae_subvault_shop_adworks], uniq_jessica, uniq_natasha
D:3:      layout_basic, nicolae_tso_besieged_by_evil,
          nicolae_overflow_hidden_temple
D:4:      layout_basic, grunt_ashenzari_visionary
          [grunt_ashenzari_visionary_swamp, grunt_ashenzari_visionary_spider],
          yredelemnul_altar_generic, minmay_temple_entry_statues_pillars,
          serial_bayou_pond_c, uniq_pikel, uniq_robin, uniq_edmund
D:5:      layout_rooms, overflow_temple_1_default, grunt_gozag_statues,
          portal_sewer_entry_e, serial_shops, nicolae_shop_waterfront
D:6:      layout_gridville, nicolae_overflow_crystal_walls,
          mainiacjoe_overflow_alcove_4
D:7:      layout_basic, mainiacjoe_overflow_alcove_2, overflow_temple_1_default
D:8:      layout_loops_ring, nicolae_dithmenos_through_a_glass_darkly,
          fedhas_altar_fruit_tree, grunt_lair_entry_orc_guard_hut,
          serial_bayou_lake_a
D:9:      layout_roguey, serial_shops, shop, uniq_joseph
D:10:     layout_irregular_city, nicolae_ru_sacrificial_ziggurat,
          nicolae_hepliaklqana_hazy_memory, gammafunk_ghost_nasty_kobolds,
          serial_shops, kennysheep_mini_moat, serial_column_ruins,
          column_ruins_pillar_1, column_ruins_pillar_3, column_ruins_pillar_8,
          column_ruins_pillar_7, column_ruins_pillar_1, column_ruins_pillar_1,
          column_ruins_pillar_6, column_ruins_pillar_6, column_ruins_pillar_1,
          column_ruins_pillar_2, column_ruins_pillar_3, column_ruins_pillar_7,
          column_ruins_pillar_6, column_ruins_pillar_11, column_ruins_pillar_10,
          column_ruins_pillar_1, column_ruins_pillar_2, uniq_maurice, uniq_grum,
          uniq_psyche, uniq_fannar, uniq_nergalle
D:11:     layout_roguey
D:12:     layout_cave_pods, zombieorc2_lemuel, minmay_misc_feat_ornament,
          uniq_erolcha, uniq_kirke
D:13:     layout_cave_pools, lightli_vaults_fourway_checkpoint,
          gauntlet_entry_generic
D:14:     layout_loops_ring, corexii_corridor_pit
D:15:     hangedman_depths_entry_try_elsewhere_first, layout_irregular_city,
          nicolae_water_bricks, nicolae_shop_i_like_big_books, elyvilon_altar_5,
          uniq_louise
Lair:1:   gammafunk_worm_tunnel, layout_hall_layers, nicolae_lair_liquid_snakes
Lair:2:   layout_roguey, ebering_ghost_disaster_area,
          chequers_serial_rivers_small_3, serial_bayou_shore_b,
          infiniplex_staircase_pool_2
Lair:3:   layout_regular_city, swamp_mist_pool, spider_nest_entry_web_field,
          serial_bayou_shore_b
Lair:4:   layout_regular_city, minmay_slime_entry_pillars,
          nicolae_volcano_entry_batcave, grunt_megastairs_4,
          serial_bayou_shore_b
Lair:5:   minmay_lair_end_frog_pond, layout_gridlike,
          chequers_serial_rivers_room_b
Spider:1: layout_chambers, hive_lemuel
Spider:2: layout_chambers
Spider:3: layout_cave_pods, nicolae_spider_not_touching_you,
          hangedman_spider_tarantella_strand, uniq_mlioglotl, uniq_arachne
Spider:4: grunt_spider_rune_circles, gammafunk_ghost_arena, drop_trap
Orc:1:    layout_caves, serial_shops, shop
Orc:2:    st_orc_elflike, layout_caves, serial_shops,
          nicolae_shop_temple_entry_statues_fountains, shop, shop,
          nicolae_shop_crystal, basic_altar, uniq_urug

Skill      XL: |  1  2  3  4  5  6  7  8  9 10 11 12 13 14 15 16 |
---------------+-------------------------------------------------+-----
Axes           | 3 4 5 8 10 11 13 15 16 17 18 | 18.0
Fighting       | 4 5 6 7 9 10 11 12 14 15 17 18 | 18.0
Armour         | 4 5 6 7 9 10 11 12 14 15 17 18 | 18.0
Dodging        | 2 4 6 8 9 10 11 12 | 12.4
Shields        | 5 7 8 10 11 | 11.0
Evocations     | 2 4 5 6 |  6.0

Action                   |  1- 3 |  4- 6 |  7- 9 | 10-12 | 13-15 | 16-18 || total
-------------------------+-------+-------+-------+-------+-------+-------++-------
Melee: War axe           |    62 |   121 |   294 |   221 |       |       ||   698
       Headbutt          |    11 |    14 |    60 |    99 |   282 |    57 ||   523
       Broad axe         |       |       |       |   208 |  1010 |   236 ||  1454
Invok: Potion Petition   |       |       |       |       |     1 |       ||     1
Evoke: Wand              |       |       |       |       |       |     1 ||     1
  Use: Scroll            |       |       |     8 |    23 |    13 |     1 ||    45
       Potion            |       |       |       |     3 |     4 |     1 ||     8
 Stab: Distracted        |       |       |       |     7 |    16 |     1 ||    24
       Invisible         |       |       |       |       |     3 |     3 ||     6
Armor: Scale mail        |    38 |    78 |   147 |       |       |       ||   263
       Chain mail        |       |       |    30 |    32 |       |       ||    62
       Crystal plate arm |       |       |       |   294 |   227 |       ||   521
       Gold dragon scale |       |       |       |       |   226 |       ||   226
       Plate armour      |       |       |       |       |   364 |   230 ||   594
Dodge: Dodged            |    39 |    77 |   119 |   105 |   404 |   144 ||   888
Block: Buckler           |    15 |    21 |    83 |   147 |   377 |   119 ||   762
